 Dungeon Crawl Stone Soup version 0.27-a0-1281-ge233d83751 (webtiles) character file.

Game seed: 7565256932159325313

67469 sanka the Black Belt (level 15, -7/111 HPs)
             Began as a Djinni Transmuter on June 13, 2021.
             Was the Champion of Makhleb.
             Killed by miscasting Starburst (19 damage)
             ... on level 2 of the Orcish Mines.
             The game lasted 00:55:55 (30699 turns).

sanka the Black Belt (Djinni Transmuter)           Turns: 30699, Time: 00:55:56

Health: -7/111     AC:  6    Str:  9    XL:     15   Next: 66%
Gold:   1751       EV: 31    Int: 20    God:    Makhleb [******] SH:  0 Dex: 20

rFire    . . .     SeeInvis .     - Unarmed
rCold    . . .     Faith    .   (shield currently unavailable)
rNeg     . . .     Spirit   .   (armour currently unavailable)
rPois    ∞         Reflect  .   (helmet currently unavailable)
rElec    .         Harm     .   (cloak currently unavailable)
rCorr    .         Rampage  .   (gloves currently unavailable)
Will     ++...                  (boots unavailable)
Stlth    ++........             (no amulet)
HPRegen  0.28/turn              h - +4 ring of protection
MPRegen  0.00/turn              W - ring of willpower

@: spider-form, flying, very slightly contaminated
A: venomous fangs, flying, sickness immunity, tiny, (fire resistance 2), (cold
vulnerability 1), float, innate caster, hp casting, extra vitality 1
a: End Transformation, Renounce Religion, Minor Destruction, Lesser Servant of
Makhleb, Major Destruction, Greater Servant of Makhleb


You were on level 2 of the Orcish Mines.
You worshipped Makhleb.
Makhleb was exalted by your worship.
You were a venomous arachnid creature.
You visited 4 branches of the dungeon, and saw 20 of its levels.
You also visited: Ice Cave.

You collected 2123 gold pieces.
You spent 372 gold pieces at shops.


Innate Abilities, Weirdness & Mutations

You are a venomous arachnid creature.
You have poisonous fangs.
You are tiny and dextrous.
You are flying.
Your spellcasting is less reliable in this form.
Your armour is entirely melded.
You are incapable of wielding weapons or throwing items.
You are immune to sickness and miasma.
You are immune to poison.
((Your flesh is very heat resistant. (rF++)))
((You are vulnerable to cold. (rC-)))
You float through the air rather than walking.
You learn spells naturally, not from books.
Your magical power is your life essence.
You have superior vitality. (+4 HP)


   Skills:
 - Level 11.3 Fighting
 - Level 12.3 Dodging
 - Level 15.4 Unarmed Combat
 + Level 11.3 Spellcasting


You couldn't memorise any spells.
You knew the following spells:

 Your Spells              Type           Power      Damage    Failure   Level
c - Ice Form              Ice/Tmut       54%        N/A       3%          4
i - Ensorcelled Hibernat  Hex/Ice        100%       N/A       1%          2
o - Portal Projectile     Hex/Tloc       100%       N/A       2%          3
p - Starburst             Conj/Fire      27%        8x6d9     22%         6
u - Sting                 Tmut/Pois      100%       1d8       1%          1
v - Iskenderun's Mystic   Conj/Tloc      54%        2d12      3%          4
x - Beastly Appendage     Tmut           100%       N/A       1%          1
y - Wereblood             Tmut           54%        N/A       1%          2
z - Spider Form           Tmut/Pois      27%        N/A       2%          3
T - Metabolic Englaciati  Hex/Ice        27%        N/A       7%          5
X - Lee's Rapid Deconstr  Erth           27%        3d15*     7%          5
Your spell library was empty.

Inventory:

Hand Weapons
 v - a +3 quarterstaff of chaos
 y - the +6 trident of Qazlal's Wrath {vorpal, rPois rC+ Str-4}

   It inflicts extra damage upon your enemies.
   It affects your strength (-4).
   It protects you from cold.
   It protects you from poison.
 I - the +10 zealot's sword {holy, *Rage rN+ EV+3}

   It has been blessed by the Shining One to cause great damage to the undead
   and demons.
   It affects your evasion (+3).
   It protects you from negative energy.
   It may make you go berserk in combat.
 L - the +6 hand axe of the Apocalypse {vorpal, rElec Will+}

   It inflicts extra damage upon your enemies.
   It insulates you from electricity.
   It increases your willpower.
 P - the +7 arbalest "Fafoa" {elec, Drain rC++ rN+ SInv}

   It charges the ammunition it shoots with electricity; occasionally upon a
   hit, such missiles may discharge and cause terrible harm.
   It greatly protects you from cold.
   It protects you from negative energy.
   It lets you see invisible.
   It drains your maximum health when unequipped.
Missiles
 a - 7 throwing nets {=f}
 x - a curare-tipped dart {=f}
Armour
 u - a +0 cloak (melded)
 D - +0 steam dragon scales
 J - a +2 hat (melded)
 K - a +0 pair of gloves (melded)
 N - a +2 robe of cold resistance (melded)
Jewellery
 c - a +6 ring of strength
 h - a +4 ring of protection (left front leg)
 s - a ring of protection from cold
 E - a ring of see invisible
 V - a ring of protection from fire
 W - a ring of willpower (right front leg)
 X - a ring of wizardry
Wands
 i - a wand of flame (41)
 w - a wand of mindburst (22)
 B - a wand of charming (12)
 C - a wand of paralysis (34)
 O - a wand of iceblast (7)
Scrolls
 b - 7 scrolls of enchant armour
 g - 2 scrolls of fear
 l - 9 scrolls of teleportation {@r4}
 m - 4 scrolls of magic mapping
 n - 3 scrolls of fog
 q - a scroll of silence {!r}
 G - a scroll of acquirement
 M - 2 scrolls of vulnerability {!r}
 Q - a scroll of immolation {!r}
 T - a scroll of holy word
Potions
 d - 6 potions of haste {@q3}
 e - 7 potions of curing {@q1}
 f - a potion of ambrosia
 j - a potion of heal wounds {@q2}
 o - 2 potions of invisibility {unknown}
 p - a potion of berserk rage {unknown}
 r - 3 potions of brilliance
 t - 5 potions of cancellation
 z - 6 potions of lignification {!q}
 A - 3 potions of flight
 H - a potion of might {unknown}
 S - 2 potions of mutation {unknown}
Miscellaneous
 k - a tin of tremorstones (2/2)
 R - a lightning rod (4/4)
 Z - a condenser vane

Dungeon Overview and Level Annotations

Branches:
Dungeon (11/15)            Temple (1/1) D:7            Lair (6/6) D:9
 Shoals (0/4) Lair:4       Spider (0/4) Lair:4        Slime (0/5) Lair:6
    Orc (2/2) D:10            Elf (0/3) Orc:2         IceCv (visited)

Altars:
Cheibriados
Fedhas
Gozag
Kikubaaqudgha
Makhleb
Okawaru
Qazlal
Sif Muna
Trog
Wu Jian
Beogh

Shops:
D:5 [   D:7 !   D:9 : Orc:2

* ▒)▒▒
▒8...8▒
▒▒... ▒)▒
▒▒...▒▒
▒.▒. ▒)▒
▒..o▒
▒.▒▒ ▒)▒
'...o
▒.▒▒ ▒)▒
.▒...▒.
▒..▒ ▒)▒
▒▒▒.8.▒▒▒
▒.>▒ ▒.▒
▒oo.▒
▒... ▒o▒
o..o'
▒... ▒s▒
▒... ▒)▒
▒▒...
▒..▒
▒....
▒▒.▒
▒.... ..
..... ▒..
..... ▒..
▒.▒.. ▒▒▒
▒.. ▒▒.


You could see an orc warlord (poisoned).


Message History

Unknown command.
Unknown command.
You bite the orc warlord!
The orc warlord is heavily wounded.
You hit the orc warlord but do no damage.
The orc warlord is poisoned.
The orc warlord is heavily wounded.
The orc warlord barely misses you.
The bolt of fire hits the orc warlord!
The orc warlord resists.
The orc warlord is severely wounded.
* * * LOW HITPOINT WARNING * * *
The orc warlord misses you.
The bolt of fire hits the orc warlord.
The orc warlord resists.
The orc warlord is severely wounded.
* * * LOW HITPOINT WARNING * * *
The orc warlord closely misses you.
The bolt of fire hits the orc warlord!
The orc warlord resists.
The orc warlord is severely wounded.
* * * LOW HITPOINT WARNING * * *
The orc warlord hits you with a +3 battleaxe of flaming!
* * * LOW HITPOINT WARNING * * *
The orc warlord burns you.
* * * LOW HITPOINT WARNING * * *
You miscast Starburst.
You are very lightly contaminated with residual magic.
You are caught in a violent explosion!!
You die...

Action                   |  1- 3 |  4- 6 |  7- 9 | 10-12 | 13-15 || total
-------------------------+-------+-------+-------+-------+-------++-------
Melee: Unarmed           |   176 |   156 |   274 |   715 |  1325 ||  2646
       Headbutt          |    16 |     2 |       |       |       ||    18
       Punch             |     1 |       |     1 |     2 |    10 ||    14
 Cast: Beastly Appendage |    21 |     6 |       |       |       ||    27
       Wereblood         |     1 |       |       |       |     5 ||     6
       Spider Form       |       |    16 |    38 |    56 |    90 ||   200
       Ice Form          |       |       |       |    11 |       ||    11
       Lee's Rapid Decon |       |       |       |       |    10 ||    10
       Starburst         |       |       |       |       |    12 ||    12
 Abil: End Transformatio |       |       |     1 |       |     1 ||     2
Evoke: Wand              |       |     4 |     7 |     9 |     4 ||    24
       Lightning rod     |       |       |       |       |     1 ||     1
  Use: Scroll            |       |       |       |    11 |     8 ||    19
       Potion            |       |       |       |     2 |     3 ||     5
 Stab: Sleeping          |     1 |     1 |       |       |     3 ||     5
       Petrified         |       |       |       |       |     4 ||     4
Armor: Robe              |    26 |    11 |     4 |     1 |    28 ||    70
       Skin              |       |     6 |    27 |    89 |    74 ||   196
       Steam dragon scal |       |       |     1 |    28 |       ||    29
Dodge: Dodged            |   100 |   110 |   217 |   690 |  1476 ||  2593

Levels and vault maps discovered:
D:1:      evilmike_arrival_fibonacci_small, layout_loops_cross,
          minmay_misc_feat_iff, kennysheep_boxes
D:2:      layout_loops_ring
D:3:      layout_rooms, columned_hall_lemuel
D:4:      layout_loops_cross, minmay_joined_circles, uniq_natasha, uniq_grinder,
          uniq_robin, uniq_crazy_yiuf_cottage
D:5:      layout_gridville, nicolae_overflow_crystal_walls, serial_shops,
          kennysheep_mini, uniq_sigmund, uniq_prince_ribbit1
D:6:      layout_basic, grunt_qazlal_clouds, minmay_ogre_servants, uniq_edmund,
          uniq_maggie
D:7:      minmay_general_purpose_star, layout_basic, minmay_temple_entry_wispy,
          serial_shops, shop, uniq_duvessa, uniq_menkaure
D:8:      layout_loops_ring, nzn_overflow_gifts_of_might_and_magic, uniq_harold
D:9:      layout_stronghold, erik_lair_dragon, serial_shops, shop
D:10:     layout_cave_pods, orc_0_dummy, eino_house_with_fridge
D:11:     layout_basic, portal_ice_cave_rime, uniq_grum
Temple:   regret_index_temple_mists
Lair:1:   layout_chaotic_city, lemuel_fruit_fields
Lair:2:   layout_loops_ring, chequers_serial_rivers_small_b,
          grunt_forest_small_clearing_treed, grunt_megastairs_3, uniq_gastronok
Lair:3:   layout_loops_ring, nicolae_quartered_pool_super, minmay_holes
Lair:4:   layout_layer_cave, elwin_shoals_entry_rooms, spider_nest_entry_a,
          nzn_random_ring, lemuel_fruit_tree
Lair:5:   layout_regular_city, infiniplex_staircase_pool
Lair:6:   wormcave, layout_small_grid, hangedman_lair_caniforms_friends,
          nicolae_slime_entry_slimehenge, basic_altar, serial_bayou_pond_b
Orc:1:    layout_caves, hellmonk_bongcloud_opening
Orc:2:    grunt_orc_community_town_hall, layout_caves,
          grunt_orc_community_big_house_1, grunt_orc_community_big_house_2,
          grunt_orc_community_house_2, grunt_orc_community_house_3,
          grunt_orc_community_house_3, grunt_orc_community_house_3,
          grunt_orc_community_house_3, basic_altar

Notes
Turn   | Place    | Note
-------+----------+-------------------------------------------
     0 | D:1      | sanka the Djinni Transmuter began the quest for the Orb.
     0 | D:1      | Reached XP level 1. HP: 17/17 MP: 0/0
   238 | D:1      | Reached skill level 2 in Spellcasting
   238 | D:1      | Reached XP level 2. HP: 21/22 MP: 0/0
   948 | D:1      | Reached XP level 3. HP: 22/27 MP: 0/0
   948 | D:1      | Learned a level 1 spell: Sting
  2194 | D:2      | Reached skill level 3 in Spellcasting
  2341 | D:2      | Reached XP level 4. HP: 11/32 MP: 0/0
  3458 | D:3      | Reached XP level 5. HP: 30/37 MP: 0/0
  3458 | D:3      | Learned a level 2 spell: Ensorcelled Hibernation
  3895 | D:3      | Reached skill level 4 in Spellcasting
  4157 | D:3      | Reached XP level 6. HP: 18/42 MP: 0/0
  4819 | D:4      | Noticed Grinder
  4834 | D:4      | Killed Grinder
  4835 | D:4      | Reached skill level 2 in Fighting
  4835 | D:4      | Reached skill level 3 in Dodging
  4835 | D:4      | Reached skill level 4 in Unarmed Combat
  4835 | D:4      | Reached XP level 7. HP: 9/49 MP: 0/0
  4835 | D:4      | Learned a level 3 spell: Portal Projectile
  5248 | D:4      | Found a runed translucent door.
  5249 | D:4      | Noticed Crazy Yiuf
  5307 | D:4      | Noticed Natasha
  5325 | D:4      | Killed Natasha
  5326 | D:4      | Reached skill level 5 in Unarmed Combat
  5416 | D:4      | Noticed Robin
  5443 | D:4      | Killed Robin
  5666 | D:4      | Reached skill level 3 in Fighting
  5680 | D:4      | Reached skill level 4 in Dodging
  5691 | D:4      | Reached XP level 8. HP: 33/56 MP: 0/0
  6121 | D:4      | Noticed Natasha
  6132 | D:4      | Killed Natasha
  6146 | D:4      | Killed Crazy Yiuf
  6336 | D:4      | Noticed Natasha
  6345 | D:4      | Killed Natasha
  6397 | D:5      | Entered Level 5 of the Dungeon
  6446 | D:5      | Noticed Prince Ribbit
  6453 | D:5      | Killed Prince Ribbit
  6454 | D:5      | Reached skill level 6 in Unarmed Combat
  6580 | D:5      | Reached skill level 4 in Fighting
  6596 | D:5      | Found Odargh's Antique Armour Emporium.
  6632 | D:5      | Found an ornate altar of the Wu Jian Council.
  6652 | D:5      | Noticed Sigmund
  6661 | D:5      | Killed Sigmund
  6662 | D:5      | Reached skill level 5 in Dodging
  6753 | D:5      | Reached skill level 7 in Unarmed Combat
  6839 | D:5      | Reached XP level 9. HP: 61/63 MP: 0/0
  6839 | D:5      | Learned a level 4 spell: Iskenderun's Mystic Blast
  7538 | D:5      | Identified the +6 trident of Qazlal's Wrath {vorpal, rPois
                  | rC+ Str-4}
  7781 | D:6      | Reached skill level 5 in Fighting
  7831 | D:6      | Noticed Edmund
  7852 | D:6      | Killed Edmund
  7853 | D:6      | Reached skill level 6 in Dodging
  7853 | D:6      | Reached skill level 8 in Unarmed Combat
  8000 | D:6      | Found a stormy altar of Qazlal.
  8124 | D:6      | Identified +0 steam dragon scales
  8124 | D:6      | Noticed Maggie
  8130 | D:6      | Paralysed by Maggie for 6 turns
  8137 | D:6      | Killed Maggie
  8889 | D:6      | Reached skill level 9 in Unarmed Combat
  9132 | D:6      | Reached skill level 6 in Fighting
  9216 | D:7      | Reached XP level 10. HP: 71/72 MP: 0/0
  9219 | D:7      | Found a staircase to the Ecumenical Temple.
  9225 | Temple   | Entered the Ecumenical Temple
  9246 | Temple   | Became a worshipper of Makhleb the Destroyer
  9260 | D:7      | Noticed Dowan
  9260 | D:7      | Noticed Duvessa
  9269 | D:7      | Killed Duvessa
  9270 | D:7      | Reached skill level 7 in Dodging
  9278 | D:7      | Killed Dowan
  9443 | D:7      | Noticed Menkaure
  9450 | D:7      | Killed Menkaure
  9931 | D:7      | Reached skill level 10 in Unarmed Combat
 10380 | D:7      | Found Ciuxtom's Distillery.
 10653 | D:7      | Reached skill level 7 in Fighting
 10980 | D:7      | Bought 2 potions of heal wounds for 120 gold pieces
 10980 | D:7      | Bought a potion of haste for 120 gold pieces
 10980 | D:7      | Bought a potion of curing for 36 gold pieces
 10980 | D:7      | Bought a potion of cancellation for 96 gold pieces
 11022 | D:8      | Reached * piety under Makhleb
 11030 | D:8      | Reached skill level 8 in Dodging
 11120 | D:8      | Noticed Harold
 11138 | D:8      | Killed Harold
 11139 | D:8      | Reached XP level 11. HP: 31/79 MP: 0/0
 11139 | D:8      | Learned a level 5 spell: Metabolic Englaciation
 11632 | D:8      | Reached skill level 5 in Spellcasting
 11710 | D:8      | Identified Sif Muna's Incunabulum of the Twisted Glacier
 11715 | D:8      | Found a bloodstained altar of Trog.
 12407 | D:9      | Reached skill level 11 in Unarmed Combat
 12550 | D:9      | Noticed a two-headed ogre
 12567 | D:9      | Killed a two-headed ogre
 12772 | D:9      | Reached ** piety under Makhleb
 12835 | D:9      | Found Raazipn's Book Boutique.
 13110 | D:9      | Identified +0 steam dragon scales
 13339 | D:9      | Found a staircase to the Lair.
 13548 | D:10     | Entered Level 10 of the Dungeon
 13562 | D:10     | Noticed a two-headed ogre
 13566 | D:10     | Noticed a two-headed ogre
 13595 | D:9      | Killed a two-headed ogre
 13596 | D:9      | Reached skill level 8 in Fighting
 13596 | D:9      | Reached skill level 9 in Dodging
 13596 | D:9      | Reached skill level 6 in Spellcasting
 13727 | D:10     | Killed a two-headed ogre
 14037 | D:10     | Identified a scroll of acquirement
 14506 | D:10     | Identified the +6 hand axe of the Apocalypse {vorpal, rElec
                  | Will+}
 14569 | D:10     | Noticed a necromancer
 14592 | D:10     | Killed a necromancer
 14593 | D:10     | Reached XP level 12. HP: 83/87 MP: 0/0
 14834 | D:10     | Found a staircase to the Orcish Mines.
 14970 | D:11     | Reached skill level 7 in Spellcasting
 15018 | D:11     | Noticed Grum
 15045 | D:10     | HP: 8/87 [wolf[Grum] (9)]
 15191 | D:11     | Found a frozen archway.
 15192 | D:11     | Noticed a seven-headed hydra
 15228 | D:11     | Reached *** piety under Makhleb
 15299 | IceCv    | Entered an ice cave
 15504 | IceCv    | Reached skill level 8 in Spellcasting
 15924 | IceCv    | Reached skill level 12 in Unarmed Combat
 16359 | IceCv    | Identified the +7 arbalest "Fafoa" {elec, Drain rC++ rN+
                  | SInv}
 16690 | D:11     | Killed Grum
 16909 | Lair:1   | Entered Level 1 of the Lair of Beasts
 17497 | Lair:1   | You are sucked into a shaft and drop 1 floor!
 17559 | Lair:2   | Reached XP level 13. HP: 91/94 MP: 0/0
 17559 | Lair:2   | Learned a level 5 spell: Lee's Rapid Deconstruction
 17597 | Lair:2   | Noticed Gastronok
 17635 | Lair:2   | Killed Gastronok
 17635 | Lair:2   | Reached **** piety under Makhleb
 17636 | Lair:2   | Reached skill level 9 in Fighting
 17636 | Lair:2   | Reached skill level 10 in Dodging
 18721 | Lair:3   | Reached skill level 13 in Unarmed Combat
 18848 | Lair:3   | Reached skill level 9 in Spellcasting
 20146 | Lair:4   | Found a hole to the Spider Nest.
 20476 | Lair:4   | Reached ***** piety under Makhleb
 20486 | Lair:4   | Noticed a four-headed hydra
 20752 | Lair:4   | You are sucked into a shaft and drop 2 floors!
 20752 | Lair:6   | Entered Level 6 of the Lair of Beasts
 20870 | Lair:6   | Found a blossoming altar of Fedhas.
 20953 | Lair:6   | Reached skill level 10 in Fighting
 20980 | Lair:6   | Reached skill level 11 in Dodging
 21420 | Lair:5   | Noticed a catoblepas
 21551 | Lair:6   | Noticed a six-headed hydra
 21602 | Lair:6   | Noticed a seven-headed hydra
 21670 | Lair:6   | Killed a six-headed hydra
 21671 | Lair:6   | Reached skill level 14 in Unarmed Combat
 21671 | Lair:6   | Reached XP level 14. HP: 58/103 MP: 0/0
 22596 | Lair:4   | HP: 10/103 [four-headed hydra (7)]
 23326 | Lair:4   | Found the +10 zealot's sword {holy, *Rage rN+ EV+3}
 23393 | Lair:4   | Found a staircase to the Shoals.
 25445 | Lair:6   | Reached skill level 10 in Spellcasting
 26491 | Lair:6   | Found a staircase to the Slime Pits.
 26694 | Lair:6   | Reached ****** piety under Makhleb
 26755 | Lair:6   | Reached skill level 15 in Unarmed Combat
 26755 | Lair:6   | Reached XP level 15. HP: 105/109 MP: 0/0
 26755 | Lair:6   | Learned a level 6 spell: Starburst
 26764 | Lair:6   | Reached skill level 11 in Fighting
 26791 | Lair:6   | Reached skill level 12 in Dodging
 27916 | Lair:6   | Found a runed translucent door.
 28746 | Lair:6   | Identified +0 fire dragon scales
 29192 | Orc:1    | Entered Level 1 of the Orcish Mines
 29436 | Orc:2    | Entered Level 2 of the Orcish Mines
 29464 | Orc:2    | Found a staircase to the Elven Halls.
 29767 | Orc:2    | Reached skill level 11 in Spellcasting
 30069 | Orc:2    | Found Cigayn's General Store.
 30675 | Orc:2    | Noticed an orc warlord
 30699 | Orc:2    | Killed by miscasting Starburst

Vanquished Creatures
  Gastronok (Lair:2)
  A fire dragon (Lair:6)
  Harold (D:8)
  A boulder beetle (Lair:6)
  2 catoblepae (Lair:5)
  6 hydras
  4 two-headed ogres
  3 orc high priests (Orc:2)
  2 lindwurms
  2 orc knights (Orc:2)
  2 necromancers
  An orc sorcerer (Orc:2)
  An oklob plant (Lair:3)
  A cyclops (Orc:2)
  14 elephants
  4 black mambas
  4 ice statues (IceCv)
  11 cane toads
  5 torpor snails (Lair:6)
  6 rime drakes
  Maggie (D:6)
  14 komodo dragons
  8 ice devils (IceCv)
  4 tyrant leeches (Lair:6)
  13 polar bears
  3 trolls
  Grinder (D:4)
  5 raiju (Lair:6)
  Prince Ribbit (D:5)
  2 dream sheep
  7 hornets (Lair:6)
  A meliai zombie (D:11)
  Sigmund (D:5)
  A ynoxinul (D:8)
  A shadow (D:11)
  32 yaks
  9 wyverns
  3 basilisks
  2 steam dragons
  Grum (D:11)
  Menkaure (D:7)
  Edmund (D:6)
  6 wargs
  An acid dragon (D:10)
  12 hell hounds (Lair:6)
  20 water moccasins
  Duvessa (D:7)
  14 orc warriors
  2 sky beasts
  2 hornet zombies
  10 ogres
  14 black bears
  4 centaurs
  2 necrophages (D:6)
  33 wolves
  2 kobold brigands
  A wyvern zombie (D:8)
  13 bullfrogs
  2 gnoll sergeants
  3 scorpions
  Dowan (D:7)
  A water moccasin zombie (D:5)
  A wyvern skeleton (D:7)
  5 electric eels
  A wight (D:7)
  A howler monkey (D:7)
  6 centaur zombies
  A bullfrog zombie (D:5)
  2 draconian simulacra (IceCv)
  5 jellies (Lair:6)
  A centaur skeleton (D:7)
  5 orc priests
  Crazy Yiuf (D:4)
  4 hounds
  2 gnoll shamans
  5 iguanas
  Natasha (thrice) (D:4)
  6 hell rats
  22 orc wizards
  A scorpion zombie (D:3)
  3 polar bear simulacra (D:10)
  2 troll simulacra (IceCv)
  3 yak simulacra (D:10)
  3 wolf simulacra (D:10)
  A centaur simulacrum (IceCv)
  2 hound skeletons (D:4)
  A howler monkey zombie (D:6)
  Robin (D:4)
  19 gnolls
  5 naga simulacra (IceCv)
  3 adders
  An ufetubus (D:4)
  2 worms
  3 dart slugs
  66 orcs
  7 ball pythons
  5 bats
  10 endoplasms
  8 giant cockroaches
  22 goblins
  11 hobgoblins
  4 jackals
  2 quokkas
  9 frilled lizards
  15 kobolds
  2 rats (D:2)
  2 river rat simulacra (D:10)
612 creatures vanquished.

Vanquished Creatures (others)
  A black mamba (Lair:6)
  2 wolves (Lair:6)
  26 fungi
  66 plants
95 creatures vanquished.

Grand Total: 707 creatures vanquished
